 Dungeon Crawl Stone Soup version 0.28.0-53-g5a82cb258f (webtiles) character file.

Game seed: 12785710386474016460

2604 MiltankisOP the Slicer (level 9, -2/71 HPs)
             Began as a Purple Draconian Brigand on July 12, 2022.
             Was a Priest of Dithmenos.
             Killed from afar by a gargoyle (20 damage)
             ... with a stone arrow
             ... on level 6 of the Dungeon.
             The game lasted 00:14:09 (5888 turns).

MiltankisOP the Slicer (Purple Draconian Brigand)   Turns: 5888, Time: 00:14:09

Health: -2/71      AC: 12    Str: 14    XL:     9   Next: 33%
Magic:  9/9        EV: 14    Int: 12    God:    Dithmenos [***...]
Gold:   217        SH:  0    Dex: 16    Spells: 8/8 levels left

rFire   . . .      SeeInvis +   t - +8 dagger of Corporal Punishment {venom, rN+}
rCold   . . .      Faith    +   (no shield)
rNeg    + . .      Spirit   .   (armour unavailable)
rPois   .          Reflect  .   (helmet restricted)
rElec   .          Harm     .   b - +0 cloak
rCorr   .          Rampage  .   (no gloves)
Will    +....                   (no boots)
Stlth   ++++......              s - amulet of faith
HPRegen 0.21/turn               n - ring of see invisible
MPRegen 0.11/turn               B - +4 ring of protection

@: wreathed by umbra
A: breathe power, AC +7, unfitting armour, cold-blooded
a: Breathe Dispelling Energy, Renounce Religion, Shadow Step


You were on level 6 of the Dungeon.
You worshipped Dithmenos.
Dithmenos was most pleased with you.
You visited 1 branch of the dungeon, and saw 6 of its levels.

You collected 217 gold pieces.

Inventory:

Hand Weapons
 a - a +2 dagger
 h - a +2 dagger of venom
 t - the +8 dagger of Corporal Punishment (weapon) {venom, rN+}
   (You found it on level 3 of the Dungeon)

   It poisons the flesh of those it strikes.
   rN:        It protects you from negative energy.
Missiles
 c - 8 poisoned darts (quivered)
 d - 2 curare-tipped darts
Armour
 b - a +0 cloak (worn)
Jewellery
 n - a ring of see invisible (left hand)
 s - an amulet of faith (around neck)
 x - an amulet of magic regeneration
 A - a ring of poison resistance
 B - a +4 ring of protection (right hand)
Wands
 C - a wand of iceblast (7)
 F - a wand of mindburst (15)
Scrolls
 e - 2 scrolls of torment {unknown}
 i - 2 scrolls of silence {unknown}
 j - a scroll of vulnerability {unknown}
 k - 2 scrolls of enchant weapon {unknown}
 o - 4 scrolls of teleportation {unknown}
 q - a scroll of immolation {unknown}
 w - 2 scrolls of magic mapping {unknown}
 y - a scroll of blinking {unknown}
 D - a scroll of fear {unknown}
 G - a scroll of noise {unknown}
Potions
 f - 3 potions of mutation
 g - a potion of degeneration {unknown}
 l - 2 potions of might
 m - a potion of ambrosia
 p - a potion of heal wounds {unknown}
 r - a potion of haste
 u - 4 potions of flight
 v - a potion of magic {unknown}
 z - a potion of lignification {unknown}
 E - a potion of experience {unknown}


   Skills:
 - Level 4.1 Fighting
 - Level 10.0 Short Blades
 - Level 1.7 Throwing
 + Level 5.3 Dodging
 - Level 6.0 Stealth


You had 8 spell levels left.
You didn't know any spells.
Your spell library contained the following spells:

 Spells                   Type           Power      Damage    Failure   Level
 Animate Skeleton         Necr           0%         N/A       32%         1
 Pain                     Necr           0%         1d4       32%         1
 Blink                    Tloc           0%         N/A       45%         2
 Lesser Beckoning         Tloc           0%         N/A       69%         3
 Vampiric Draining        Necr           0%         2d6       69%         3
 Manifold Assault         Tloc           0%         N/A       100%        5
 Dispersal                Tloc           0%         N/A       100%        6
 Disjunction              Tloc           0%         N/A       100%        8


Dungeon Overview and Level Annotations

Branches:
Dungeon (6/15)
 Temple: D:4-7

Altars:
Ashenzari
Dithmenos
Makhleb
Uskayaw
Xom


Innate Abilities, Weirdness & Mutations

You can breathe bolts of dispelling energy.
Your rich purple scales are hard. (AC +7)
You cannot fit into any form of body armour.
You are cold-blooded and may be slowed by cold attacks.


Message History

You puncture the orc!
You kill the orc!
Dithmenos accepts your kill.
The orc priest invokes the aid of Beogh against you.
Beogh smites you!
You puncture the orc!
You kill the orc!
Dithmenos accepts your kill.
You hit the gargoyle but do no damage.
The orc priest invokes the aid of Beogh against you.
Pain shoots through your body! 2 orcs come into view.
An orc is wielding a +2 mace of holy wrath.
The orc shouts!
The gargoyle hits you with a +0 mace.
An orc warrior comes into view. It is wielding a +0 mace.
The orc priest hits you but does no damage.
You barely miss the orc priest. The gargoyle hits you with a +0 mace.
You barely miss the orc priest. You tail-slap the orc priest.
The orc priest is moderately wounded.
You closely miss the orc priest.
The orc priest is moderately wounded.
The gargoyle hurls a stone arrow at you.
The stone arrow hits you!
You hit the orc priest.
The orc priest is moderately wounded.
The orc priest hits you but does no damage.
You hit the orc priest.
The orc priest is poisoned.
The orc priest is severely wounded.
The gargoyle hurls a stone arrow at you.
The stone arrow hits you!!
* * * LOW HITPOINT WARNING * * *
The gargoyle closely misses you.
There is an open gate here.
You kill the orc priest!
Dithmenos accepts your kill. The orc closely misses you.
The gargoyle hurls a stone arrow at you.
The stone arrow hits you!!
You die...

.....##########.###########.##.##
.....# ......##.##.†.....##.##...
.....# ........#.........##.##.##
.....# ......##[##.......#..##.##
.....##########.##########.###.#.
.............#...# . #.#.
.............#...# .. #.#
############'#...# #.# #.#..@# #
#.# #.#...# #.# #.# ###..o# ...#
#.9o# .o... ##')o#....#
#....o....# .............#
............... ...............


You could see an orc warrior, a gargoyle and 3 orcs.

Vanquished Creatures
  A boulder beetle (D:6)
  Sigmund (D:4)
  Edmund (D:4)
  2 necrophages
  A black bear (D:6)
  5 ogres
  A phantom (D:6)
  5 scorpions
  A crimson imp (D:3)
  A bullfrog zombie (D:5)
  A jelly (D:4)
  5 orc priests
  A centaur zombie (D:5)
  2 orc wizards
  3 iguanas
  Robin (D:3)
  7 gnolls
  A howler monkey skeleton (D:6)
  7 adders
  An ufetubus (D:5)
  2 worms (D:2)
  3 dart slugs
  20 orcs
  6 endoplasms
  4 giant cockroaches
  21 goblins
  12 hobgoblins
  4 jackals (D:5)
  3 quokkas
  12 ball pythons
  5 bats
  3 frilled lizards
  11 kobolds
  5 rats
159 creatures vanquished.

Notes
Turn   | Place    | Note
-------+----------+-------------------------------------------
     0 | D:1      | MiltankisOP the Draconian Brigand began the quest for the
                  | Orb.
     0 | D:1      | Reached XP level 1. HP: 17/17 MP: 1/1
   572 | D:1      | Reached XP level 2. HP: 20/24 MP: 2/2
  1037 | D:1      | Reached XP level 3. HP: 25/29 MP: 3/3
  1116 | D:1      | Found a faded altar of an unknown god.
  1260 | D:1      | Reached skill level 5 in Stealth
  1662 | D:2      | Reached XP level 4. HP: 35/36 MP: 4/4
  2090 | D:2      | Reached XP level 5. HP: 35/41 MP: 5/5
  2690 | D:3      | Identified the +8 dagger of Corporal Punishment {venom,
                  | rN+}
  2807 | D:3      | Found a shadowy altar of Dithmenos.
  2867 | D:3      | Became a worshipper of Dithmenos the Shadowed
  2931 | D:3      | Noticed Robin
  2938 | D:3      | Killed Robin
  3002 | D:3      | Reached * piety under Dithmenos
  3005 | D:3      | Noticed an ogre
  3045 | D:3      | Killed an ogre
  3046 | D:3      | Reached skill level 3 in Short Blades
  3046 | D:3      | Reached XP level 6. HP: 29/52 MP: 6/6
  3421 | D:3      | Found a shimmering altar of Xom.
  3421 | D:3      | Found a burning altar of Makhleb.
  3685 | D:4      | Reached skill level 4 in Short Blades
  3708 | D:4      | Reached skill level 5 in Short Blades
  3708 | D:4      | Your scales start taking on a rich purple colour.
  3708 | D:4      | Reached XP level 7. HP: 51/59 MP: 7/7
  3789 | D:4      | Noticed Edmund
  3795 | D:4      | Killed Edmund
  3795 | D:4      | Reached ** piety under Dithmenos
  3796 | D:4      | Reached skill level 6 in Short Blades
  3917 | D:4      | Reached skill level 7 in Short Blades
  3970 | D:4      | Noticed Sigmund
  3987 | D:4      | Killed Sigmund
  3988 | D:4      | Reached XP level 8. HP: 66/66 MP: 8/8
  4009 | D:4      | Found a broken altar of Ashenzari.
  4200 | D:4      | You fall into a shaft and drop 1 floor!
  4200 | D:5      | Entered Level 5 of the Dungeon
  4495 | D:5      | Noticed a +0 spear
  4495 | D:5      | Noticed a +0 short sword
  4496 | D:5      | Noticed a +0 short sword
  4497 | D:5      | Noticed a +0 falchion
  4504 | D:5      | Reached skill level 8 in Short Blades
  4511 | D:5      | Noticed a +0 dagger
  4511 | D:5      | Noticed a +0 dagger
  4512 | D:5      | Noticed a +0 spear
  4512 | D:5      | Noticed a +0 falchion
  4523 | D:5      | Found a hide-covered altar of Uskayaw.
  4987 | D:5      | Reached skill level 9 in Short Blades
  4994 | D:5      | Reached *** piety under Dithmenos
  5562 | D:6      | Noticed a boulder beetle
  5584 | D:6      | Killed a boulder beetle
  5585 | D:6      | Reached skill level 10 in Short Blades
  5585 | D:6      | Reached XP level 9. HP: 44/71 MP: 9/9
  5857 | D:6      | Reached skill level 5 in Dodging
  5866 | D:6      | Noticed a gargoyle
  5888 | D:6      | Killed from afar by a gargoyle

Illustrated notes

Levels and vault maps discovered:
D:1:      dpeg_arrival_another_circle, layout_loops_ring,
          ebering_ecumenical_altar_hall
D:2:      wad_crossroads, layout_loops_ring, nrook_campfire
D:3:      layout_basic, grunt_temple_overflow_champion_of_chaos,
          grunt_dithmenos_smoke, minmay_starry_boxes, uniq_robin
D:4:      layout_rooms, old_standard_altar, st_stairs_3, uniq_edmund,
          uniq_sigmund
D:5:      layout_layer_cave, nicolae_uskayaw_en_pointe, minmay_crystal_water,
          serial_bayou_crossing
D:6:      layout_basic, kennysheep_cross_bottleneck

Skill      XL: |  1  2  3  4  5  6  7  8  9 |
---------------+----------------------------+-----
Stealth        | 4 5 6 |  6.0
Fighting       | 3 4 |  4.1
Short Blades   | 3 5 7 10 | 10.0
Dodging        | 4 5 |  5.3
Throwing       | |  1.7

Action                   |  1- 3 |  4- 6 |  7- 9 || total
-------------------------+-------+-------+-------++-------
Melee: Dagger            |   125 |   117 |   157 ||   399
       Tailslap          |    10 |    12 |    24 ||    46
       Punch             |     1 |     4 |     3 ||     8
 Abil: Breathe Dispellin |       |       |     1 ||     1
  Use: Scroll            |       |     4 |     1 ||     5
       Potion            |       |       |     2 ||     2
 Stab: Sleeping          |    13 |     9 |    11 ||    33
       Distracted        |       |       |     2 ||     2
Armor: Skin              |    29 |    31 |    38 ||    98
Dodge: Dodged            |    52 |    45 |    58 ||   155
